 Dungeon Crawl Stone Soup version 0.21-a0-509-gecc5317 (webtiles) character file.

2263 slep the Cleaver (level 9, -4/78 HPs)
             Began as a Minotaur Gladiator on Nov 30, 2017.
             Was a Believer of Okawaru.
             Slain by an orc warrior
             ... wielding a +0 mace
              (20 damage)
             ... on level 6 of the Dungeon.
             The game lasted 00:21:05 (5310 turns).

slep the Cleaver (Minotaur Gladiator)               Turns: 5310, Time: 00:21:05

Health: -4/78      AC:  5    Str: 20    XL:     9   Next: 15%
Magic:  17/17      EV: 15    Int:  5    God:    Okawaru [**....]
Gold:   320        SH:  0    Dex: 14    Spells: 8/8 levels left

rFire    . . .     SeeInvis .   a - +0 war axe
rCold    . . .     Gourm    .   (no shield)
rNeg     . . .     Faith    .   E - -1 leather armour (curse)
rPois    .         Spirit   .   c - +0 hat
rElec    .         Reflect  .   s - +0 cloak
rCorr    .         Harm     .   L - +0 pair of gloves
MR       .....                  (no boots)
Stlth    +.........             (no amulet)
HPRegen  0.23/turn              i - ring of loudness (curse)
MPRegen  0.15/turn              n - ring of magical power (curse)

@: no status effects
A: retaliatory headbutt, horns 2
a: Heroism, Renounce Religion


You were on level 6 of the Dungeon.
You worshipped Okawaru.
Okawaru was pleased with you.
You were very hungry.

You visited 2 branches of the dungeon, and saw 8 of its levels.

You collected 320 gold pieces.

Inventory:

Hand Weapons
 a - a +0 war axe (weapon)
 g - a +1 dagger of venom
 r - a +0 dagger of electrocution
 u - a +0 blowgun
 v - a +2 short sword of venom
 x - a +2 mace of holy wrath
 F - the +7 quarterstaff of Duty {venom, rElec rPois MR+ MP-9}
   (You found it on level 5 of the Dungeon)

   It poisons the flesh of those it strikes.
   It insulates you from electricity.
   It protects you from poison.
   It affects your resistance to hostile enchantments.
   It affects your magic capacity (-9).
 I - a +4 shortbow
 N - the +9 rapier "Onaamioh" {drain, +Blink rF+ rC+ SInv}
   (You found it on level 6 of the Dungeon)

   A truly terrible weapon, it drains the life of those it strikes.
   It protects you from fire.
   It protects you from cold.
   It lets you see invisible.
   It lets you blink.
Missiles
 d - 3 throwing nets (quivered)
 w - 44 poisoned needles
 H - 6 curare-tipped needles
Armour
 b - a +0 leather armour
 c - a +0 hat (worn)
 s - a +0 cloak (worn)
 y - a +0 ring mail
 E - a cursed -1 leather armour (worn)
 L - a +0 pair of gloves (worn)
Jewellery
 i - a cursed ring of loudness (left hand)
 k - an uncursed ring of magical power
 n - a cursed ring of magical power (right hand)
 o - an uncursed ring of resist corrosion {unknown}
 C - a +2 ring of intelligence {unknown}
 Q - a cursed -3 ring of slaying {unknown}
Wands
 t - a wand of acid (9)
Scrolls
 e - 3 scrolls of remove curse {unknown}
 l - 2 scrolls of amnesia {unknown}
 m - 5 scrolls of teleportation {unknown}
 q - a scroll of fear {unknown}
 z - 5 scrolls of identify {unknown}
 B - 2 scrolls of magic mapping {unknown}
 J - a scroll of immolation {unknown}
 R - a scroll of enchant weapon {unknown}
Potions
 h - 2 potions of ambrosia {unknown}
 A - 2 potions of agility {unknown}
 D - a potion of lignification {unknown}
 G - a potion of brilliance {unknown}
 K - 2 potions of degeneration {unknown}
 M - 2 potions of haste {unknown}
 O - a potion of curing {unknown}
 P - a potion of berserk rage {unknown}
Comestibles
 f - 5 bread rations
 j - 2 meat rations
 p - 3 royal jellies


   Skills:
 + Level 6.4 Fighting
 + Level 9.7(10.3) Axes
 + Level 5.4(8.3) Maces & Flails
 + Level 2.2 Throwing
 + Level 5.2 Armour
 + Level 5.6 Dodging
 + Level 1.6 Stealth


You had 8 spell levels left.
You didn't know any spells.

Dungeon Overview and Level Annotations

Branches:
Dungeon (7/15)             Temple (1/1) D:6

Altars:
Ashenzari
Cheibriados
Dithmenos
Fedhas
Gozag
Hepliaklqana
Kikubaaqudgha
Makhleb
Nemelex Xobeh
Okawaru
Qazlal
Ru
Sif Muna
Trog
Uskayaw
Vehumet
Wu Jian
Xom
Yredelemnul
Zin
The Shining One

Shops:
D:4 [   D:6 [


Innate Abilities, Weirdness & Mutations

You reflexively headbutt those who attack you in melee.
You have a pair of horns on your head.


Message History

The orc hits you from afar with a trident.
The orc warrior hits you with a mace!
* * * LOW HITPOINT WARNING * * *
The orc wizard misses you. You furiously retaliate!
You headbutt the orc wizard!
You kill the orc wizard!
Okawaru accepts your kill.
There is a stone staircase leading up here.
The orc warrior hits you with a mace.
* * * LOW HITPOINT WARNING * * *
You climb upwards.
There is a stone staircase leading down here.
You hit the orc warrior but do no damage.
Your headbutt misses the orc warrior.
The orc warrior is moderately wounded.
The orc warrior misses you.
You completely miss the orc warrior.
The orc warrior is moderately wounded.
The orc warrior hits you with a mace!!
You die...

#......####.
#####.###### ###
##...#)##...###..
##.###.∩..........
##########.##
##......#####
#.........##
##.#########
#.#######.#
#.........# #.# #o##
##.#######.# #.#
##@## ##.## ###.#
#.# #####.###.##
#...# #.#
#.........# #...#
#.# #.##(.....###
#...# #.#
#.##........## ##.##
#.# ##.##.........#
#.##
#.####...##........#
#.##
#..................#
#.#
######...##...><...#
#.#


You could see an orc warrior.

Vanquished Creatures
  Pikel (D:6)
  A water moccasin (D:5)
  An ice beast (D:6)
  A slave (D:6)
  2 orc warriors (D:6)
  A phantom (D:5)
  2 ogres (D:6)
  2 centaurs
  2 bullfrogs (D:6)
  A scorpion (D:5)
  A howler monkey (D:5)
  A crimson imp (D:5)
  A quasit (D:6)
  2 hounds
  4 orc priests
  A centaur skeleton (D:5)
  4 orc wizards
  4 worker ants
  A killer bee zombie (D:3)
  A howler monkey zombie (D:6)
  7 gnolls (D:6)
  5 adders
  2 shadow imps (D:5)
  3 oozes
  An adder zombie (D:5)
  An adder skeleton (D:6)
  4 worms
  2 dart slugs
  5 leopard geckos
  21 orcs
  A ball python (D:2)
  3 giant cockroaches
  3 goblins
  8 hobgoblins
  8 jackals
  12 kobolds
  A quokka (D:4)
  6 bats
  4 frilled lizards
  5 rats
  2 toadstools (D:1)
138 creatures vanquished.

Vanquished Creatures (others)
  A howler monkey (D:6)
  A quokka (D:6)
  2 toadstools (D:1)
4 creatures vanquished.

Grand Total: 142 creatures vanquished

Notes
Turn   | Place    | Note
-------+----------+-------------------------------------------
     0 | D:1      | slep the Minotaur Gladiator began the quest for the Orb.
     0 | D:1      | Reached XP level 1. HP: 18/18 MP: 0/0
   192 | D:1      | Reached skill level 4 in Axes
   490 | D:1      | Reached XP level 2. HP: 25/25 MP: 1/1
   810 | D:1      | Reached XP level 3. HP: 30/30 MP: 2/2
  1113 | D:2      | Reached skill level 1 in Armour
  1359 | D:2      | Reached XP level 4. HP: 38/38 MP: 3/3
  1771 | D:3      | Found a glowing golden altar of the Shining One.
  1772 | D:3      | Found a deep blue altar of Sif Muna.
  1861 | D:3      | Reached skill level 5 in Axes
  1861 | D:3      | Reached XP level 5. HP: 24/45 MP: 4/4
  1883 | D:3      | Found an ancient bone altar of Kikubaaqudgha.
  2292 | D:3      | Found a stormy altar of Qazlal.
  2392 | D:4      | Reached XP level 6. HP: 5/52 MP: 5/5
  2704 | D:4      | Found a shadowy altar of Dithmenos.
  2743 | D:4      | Reached skill level 6 in Axes
  2811 | D:4      | Found Fueskum's Armour Emporium.
  3202 | D:5      | Entered Level 5 of the Dungeon
  3204 | D:5      | Noticed a water moccasin
  3208 | D:5      | Killed a water moccasin
  3280 | D:5      | Reached skill level 7 in Axes
  3280 | D:5      | Reached XP level 7. HP: 45/59 MP: 6/6
  3408 | D:5      | Reached skill level 1 in Maces & Flails
  3418 | D:5      | Got a bone quarterstaff
  3419 | D:5      | Identified the +7 quarterstaff of Duty {venom, rElec rPois MR+ MP-9} (You found it on level 5 of the Dungeon)
  3452 | D:5      | Reached skill level 1 in Stealth
  3588 | D:5      | Found an ornate altar of the Wu Jian Council.
  3652 | D:5      | Found a burning altar of Makhleb.
  3868 | D:6      | Found a staircase to the Ecumenical Temple.
  3872 | Temple   | Entered the Ecumenical Temple
  3927 | Temple   | Became a worshipper of Warmaster Okawaru
  4007 | D:6      | Reached skill level 8 in Axes
  4007 | D:6      | Reached XP level 8. HP: 34/67 MP: 7/7
  4029 | D:6      | Reached skill level 5 in Fighting
  4029 | D:6      | Reached skill level 5 in Dodging
  4282 | D:6      | Got an ichor-stained rapier
  4283 | D:6      | Identified the +9 rapier "Onaamioh" {drain, +Blink rF+ rC+ SInv} (You found it on level 6 of the Dungeon)
  4338 | D:6      | Found Jeor's Armour Emporium.
  4339 | D:6      | Noticed Pikel
  4355 | D:6      | Killed Pikel
  4355 | D:6      | Reached * piety under Okawaru
  4355 | D:6      | Reached skill level 5 in Maces & Flails
  4356 | D:6      | Reached skill level 5 in Armour
  4426 | D:6      | Reached ** piety under Okawaru
  4426 | D:6      | Reached skill level 9 in Axes
  4476 | D:6      | Reached XP level 9. HP: 15/75 MP: 8/8
  5182 | D:7      | Found a shattered altar of Ashenzari.
  5310 | D:6      | Slain by an orc warrior

Vault maps used:
D:1:      ldierk_water_garden
D:3:      nicolae_overflow_crystal_walls, grunt_temple_overflow_open,
          nicolae_qazlal_eye_of_the_storm, first_bread
D:4:      grunt_dithmenos_smoke_and_mirrors, serial_shops, nicolae_shop_stone
D:5:      bloody_makhleb, overflow_temple_1_default
D:6:      minmay_temple_entry_glassed_door, serial_shops, shop,
          minmay_misc_feat_five, uniq_pikel
D:7:      ashenzari_altar_1
Temple:   jpeg_temple_clearing

Skill      XL: |  1  2  3  4  5  6  7  8 |
---------------+-------------------------+-----
Axes           | 4 5 7 8 9 |  9.7
Fighting       | 3 4 6 |  6.4
Armour         | 1 2 3 4 5 |  5.2
Dodging        | 4 5 |  5.6
Maces & Flails | 3 5 |  5.4
Stealth        | 1 |  1.6
Throwing       | |  2.2

Action                   |  1- 3 |  4- 6 |  7- 9 || total
-------------------------+-------+-------+-------++-------
Melee: War axe           |    73 |    91 |    95 ||   259
       Headbutt          |     7 |    20 |    31 ||    58
       Mace              |       |     3 |    62 ||    65
Throw: Throwing net      |       |       |     2 ||     2
Evoke: Wand              |       |       |     1 ||     1
 Stab: Held in net/web   |       |       |     1 ||     1
  Eat: Chunk             |     1 |     7 |     5 ||    13
Armor: Leather armour    |    25 |    21 |    36 ||    82
       Ring mail         |       |     4 |       ||     4
Dodge: Dodged            |    56 |    67 |   104 ||   227

Table legend:
 A = Spawn XP
 B = Non-spawn XP
 C = Spawn XP percentage of total XP
 D = Spawn monster count
 E = Non-spawn monster count
 F = Spawn count percentage of total count
 G = Total turns spent on level
                    A         B        C        D         E        F      G
               +---------+---------+-------+---------+---------+-------+---------
         Total |       0 |    3234 |   0.0 |       0 |     136 |   0.0 |  5310
               +---------+---------+-------+---------+---------+-------+---------
           D:1 |       0 |      42 |   0.0 |       0 |      21 |   0.0 |   950
           D:2 |       0 |      69 |   0.0 |       0 |      25 |   0.0 |   816
           D:3 |       0 |     164 |   0.0 |       0 |      21 |   0.0 |   584
           D:4 |       0 |     191 |   0.0 |       0 |      20 |   0.0 |   852
           D:5 |       0 |     791 |   0.0 |       0 |      17 |   0.0 |   648
           D:6 |       0 |    1897 |   0.0 |       0 |      30 |   0.0 |  1201
           D:7 |       0 |      80 |   0.0 |       0 |       2 |   0.0 |   149
               +---------+---------+-------+---------+---------+-------+---------
